 Dungeon Crawl Stone Soup version 0.29-a0-25-g7f48f510a0 (webtiles) character file.

Game seed: 16387486873594586203

37 lonewolfV2 the Shield-Bearer (level 3, -4/36 HPs)
             Began as a Troll Fighter on Jan 31, 2022.
             Slain by Natasha (8 damage)
             ... on level 2 of the Dungeon.
             The game lasted 00:04:39 (714 turns).

lonewolfV2 the Shield-Bearer (Troll Fighter)         Turns: 714, Time: 00:04:40

Health: -4/36      AC:  4    Str: 26    XL:     3   Next: 21%
Magic:  2/2        EV:  8    Int:  4    God:
Gold:   59         SH:  7    Dex:  9    Spells: 2/2 levels left

rFire   . . .      SeeInvis .     - Unarmed
rCold   . . .      Faith    .   b - +0 kite shield
rNeg    . . .      Spirit   .   a - +0 robe
rPois   .          Reflect  .   (helmet restricted)
rElec   .          Harm     .   (no cloak)
rCorr   .          Rampage  .   (gloves unavailable)
Will    .....                   (boots unavailable)
Stlth   +.........              (no amulet)
HPRegen 0.92/turn               h - ring of flight
MPRegen 0.08/turn               (no ring)

@: mighty, attractive, flying, slowed, very slow
A: large, unfitting armour, claws 3, regeneration 1, shaggy fur 1, tough skin 1
a: no special abilities


You were on level 2 of the Dungeon.
You visited 1 branch of the dungeon, and saw 2 of its levels.

You collected 59 gold pieces.

Inventory:

Armour
 a - a +0 robe (worn)
 b - a +0 kite shield (worn)
Jewellery
 h - a ring of flight (left claw)
 j - a ring of willpower
Scrolls
 d - a scroll of torment {unknown}
 e - a scroll of immolation {unknown}
 k - a scroll of magic mapping {unknown}
 l - a scroll of identify {unknown}
Potions
 g - a potion of attraction


   Skills:
 + Level 2.7 Fighting
 + Level 2.7 Dodging
 + Level 2.8 Shields
 + Level 2.3 Unarmed Combat


You had 2 spell levels left.
You didn't know any spells.
Your spell library contained the following spells:

 Spells                   Type           Power      Damage    Failure   Level
 Gell's Gravitas          Tloc           0%         N/A       99%         3
 Lesser Beckoning         Tloc           0%         N/A       99%         3
 Teleport Other           Tloc           0%         N/A       99%         3


Dungeon Overview and Level Annotations

Branches:
Dungeon (2/15)

Altars:

Annotations:
D:2 Natasha


Innate Abilities, Weirdness & Mutations

You are too large for most types of armour.
You have claws for hands.
Your natural rate of healing is unusually fast.
You are covered in fur. (AC +1)
You have tough skin. (AC +1)


Message History

You hear some strange, mumbled words.
You block the kobold's attack.
A goblin comes into view. It is wielding a +0 club.
Something claws you.
The kobold hits you with a +0 short sword.
You closely miss something.
The goblin shouts!
A hobgoblin comes into view. It is wielding a +0 vorpal flail.
You hear some strange, mumbled words.
A magic dart appears from out of thin air!
The magic dart hits you!
The kobold hits you with a +0 short sword.
Something claws you but does no damage.
It was a potion of attraction.
You feel attractive to monsters.
The hobgoblin shouts!
The kobold completely misses you. The white imp gestures at you.
The puff of frost hits you.
* * * LOW HITPOINT WARNING * * *
You hear some strange, mumbled words.
The kobold hits you but does no damage. The white imp barely misses you.
The shadow imp is attracted toward you. The goblin is attracted toward you.
The hobgoblin is attracted toward you.
It was a potion of magic.
Magic courses through your body. Something claws you but does no damage.
You block the kobold's attack.
The white imp hits you but does no damage.
Something claws you but does no damage.
It was a potion of curing.
You feel better. The kobold barely misses you. The white imp hits you.
The white imp freezes you. Something claws you.
The kobold hits you with a +0 short sword.
The white imp hits you but does no damage.
You feel very mighty all of a sudden. Something claws you!
* * * LOW HITPOINT WARNING * * *
The kobold hits you with a +0 short sword.
* * * LOW HITPOINT WARNING * * *
The white imp hits you but does no damage.
Something claws you!
You die...

.. ... ## ## ....
..######## #.
....##.#......# #.
....g#b#......# #.
....g5K#......# #.
#{@......# #.
##5.†....## ##.
##...†...#######..
#............##.#
#...##..##...).....
###.##.....####...#
$..........<.....
..###.....#.......
... .......>..#...#


You could see a white imp (summoned), a shadow imp (summoned), a hobgoblin, a
goblin, a bat and a kobold.

Vanquished Creatures
  3 ball pythons (D:1)
  3 bats
  3 endoplasms (D:1)
  A giant cockroach (D:1)
  3 goblins (D:1)
  3 hobgoblins
  6 jackals
  2 kobolds
  A quokka (D:1)
  2 frilled lizards (D:1)
  2 rats (D:1)
29 creatures vanquished.

Notes
Turn   | Place    | Note
-------+----------+-------------------------------------------
     0 | D:1      | lonewolfV2 the Troll Fighter began the quest for the Orb.
     0 | D:1      | Reached XP level 1. HP: 22/22 MP: 0/0
    99 | D:1      | Reached XP level 2. HP: 29/29 MP: 1/1
   366 | D:1      | Reached XP level 3. HP: 34/36 MP: 2/2
   643 | D:2      | Found a faded altar of an unknown god.
   702 | D:2      | Noticed Natasha
   714 | D:2      | Slain by Natasha

Illustrated notes

Levels and vault maps discovered:
D:1:      dpeg_arrival_arbitrary_c, layout_basic, minmay_misc_feat_square
D:2:      layout_rooms, ebering_ecumenical_altar_sacrificial, basic_altar,
          uniq_natasha

Action                   || total
-------------------------++-------
Melee: Unarmed           ||    84
  Use: Potion            ||     4
Armor: Robe              ||    51
Dodge: Dodged            ||    44
Block: Kite shield       ||    48

Table legend: (Time is in decaauts)
 A = Elapsed time spent in this place.
 B = Non-inter-level travel time spent in this place.
 C = Inter-level travel time spent in this place.
 D = Time resting spent in this place.
 E = Time spent auto-exploring this place.
 F = Levels seen in this place.
 G = Mean time per level.
                   A        B        C        D        E       F      G
               +--------+--------+--------+--------+--------+-----+--------+
         Total |    725 |    700 |     25 |      0 |    420 |   2 |  362.5 |
       Dungeon |    725 |    700 |     25 |      0 |    420 |   2 |  362.5 |
               +--------+--------+--------+--------+--------+-----+--------+

Top non-repeatable levels by time:
     D:1: 606 daAuts
     D:2: 118 daAuts
